 Dungeon Crawl Stone Soup version 0.31.0-11-ge490571c62 (webtiles) character file.

Game seed: 1307408260786328924

310 ces the Shooter (level 6, 0/30 HPs)
             Began as a Spriggan Hunter on Jan 30, 2024.
             Slain by a black bear (5 damage)
             ... on level 5 of the Dungeon.
             The game lasted 00:02:45 (3312 turns).

ces the Shooter (Spriggan Hunter)                   Turns: 3312, Time: 00:02:46

Health: 0/30       AC:  2    Str:  7    XL:     6   Next: 18%
Magic:  7/7        EV: 18    Int: 11    God:
Gold:   166        SH:  0    Dex: 20    Spells: 5/5 levels left

rFire   . . .        a - +0 shortbow
rCold   . . .        (shield currently unavailable)
rNeg    . . .        c - +0 robe
rPois   .            (helmet restricted)
rElec   .            (no cloak)
rCorr   .            (gloves unavailable)
SInv    +            (boots unavailable)
Will    +....        (no amulet)
Stlth   ++           (no ring)
HPRegen 0.25/turn    (no ring)
MPRegen 0.10/turn

%: no passive effects
@: very quick
A: very small, no large weapons, unfitting armour, see invisible, speed 3
a: no special abilities


You were on level 5 of the Dungeon.
You visited 1 branch of the dungeon, and saw 5 of its levels.

You collected 166 gold pieces.

Inventory:

Hand Weapons
 a - a +0 shortbow (weapon)
Armour
 c - a +0 robe (worn)
Jewellery
 o - a +6 ring of strength
Wands
 n - a wand of digging (6)
Scrolls
 b - a scroll of identify {unknown}
 d - a scroll of vulnerability {unknown}
 e - a scroll of teleportation
 f - 2 scrolls of amnesia {unknown}
 m - a scroll of fog {unknown}
 p - a scroll of blinking {unknown}
 q - a scroll of enchant armour {unknown}
 s - a scroll of silence {unknown}
Potions
 g - 2 potions of enlightenment {unknown}
 h - 2 potions of heal wounds {unknown}
 i - 2 potions of mutation {unknown}
 j - a potion of degeneration {unknown}
 k - a potion of resistance {unknown}
 l - a potion of ambrosia {unknown}
 r - a potion of curing {unknown}
 t - a potion of berserk rage {unknown}


   Skills:
 - Level 1.5 Fighting
 + Level 7.5 Ranged Weapons
 - Level 2.6 Dodging
 - Level 1.5 Stealth


You had 5 spell levels left.
You didn't know any spells.
Your spell library contained the following spells:

 Spells                   Type           Power      Damage    Failure   Level
 Mercury Vapours          Alch/Air       0%         N/A       47%         2
 Mephitic Cloud           Conj/Alch/Air  0%         N/A       71%         3
 Freezing Cloud           Conj/Ice/Air   0%         6-21      100%        5


Dungeon Overview and Level Annotations

Branches:
Dungeon (5/15)
 Temple: D:4-7

Altars:
Elyvilon

Shops:
D:2 ?


Innate Abilities, Weirdness & Mutations

You are very small and have problems with some larger weapons.
You are too small for most types of armour.
You have supernaturally acute eyesight. (SInv)
You cover ground extremely quickly. (Speed+++)


Message History

The black bear is moderately wounded.
A black bear is nearby!
You shoot an arrow.
The arrow hits the black bear but does no damage.
The black bear is moderately wounded.
You shoot an arrow. The arrow hits the black bear.
The black bear is moderately wounded.
You shoot an arrow. The arrow hits the black bear!
The black bear is severely wounded.
You shoot an arrow. The arrow barely misses the black bear.
The black bear goes berserk!
You shoot an arrow. The arrow hits the black bear!
The black bear is almost dead.
The black bear bites you. The black bear claws you. x2
The black bear completely misses you. The black bear closely misses you.
The black bear claws you.
You shoot an arrow. The arrow hits the black bear.
The black bear is almost dead.
The black bear closely misses you. x2; The black bear barely misses you.
The black bear attacks as it pursues you!
The black bear misses you. x2; The black bear barely misses you.
The black bear attacks as it pursues you!
The black bear misses you. The black bear barely misses you.
The black bear claws you.
The black bear rages.
There is a stone staircase leading up here.
You shoot an arrow. The arrow barely misses the black bear.
The black bear misses you. x2; The black bear closely misses you.
You shoot an arrow. The arrow hits the black bear.
The black bear is almost dead.
The black bear misses you. The black bear claws you.
The black bear closely misses you.
You shoot an arrow.
The arrow closely misses the black bear.
The black bear bites you!
* * * LOW HITPOINT WARNING * * *
The black bear claws you.
* * * LOW HITPOINT WARNING * * *
The black bear claws you.
You die...

#......# #......#
#......# #......#
#......# ###
#......####....
#..............
#..............
#@h............
#..........#+##
#..........#
#..........#
#..........#
#..........#
#..........#
#..........#
#..........###+##.


You could see a black bear (berserk).

Vanquished Creatures
  An ogre (D:4)
  A jelly (D:5)
  2 hounds
  An iguana (D:4)
  2 adders (D:3)
  6 dart slugs
  2 ribbon worms
  2 orcs
  4 bats
  4 endoplasms
  6 giant cockroaches
  10 goblins
  5 hobgoblins
  2 jackals (D:2)
  10 kobolds
  5 quokkas
  A ball python (D:2)
  2 frilled lizards
  5 rats
71 creatures vanquished.

Notes
Turn   | Place    | Note
-------+----------+-------------------------------------------
     0 | D:1      | ces the Spriggan Hunter began the quest for the Orb.
     0 | D:1      | Reached XP level 1. HP: 10/10 MP: 2/2
   184 | D:1      | Reached XP level 2. HP: 14/14 MP: 3/3
   523 | D:1      | Reached skill level 5 in Ranged Weapons
   712 | D:2      | Reached XP level 3. HP: 18/18 MP: 4/4
   992 | D:2      | Found Atipp's Magic Scroll Emporium.
  1110 | D:2      | Found a faded altar of an unknown god.
  1748 | D:3      | Reached XP level 4. HP: 22/22 MP: 5/5
  1791 | D:3      | Found a faded altar of an unknown god.
  2224 | D:3      | Reached skill level 6 in Ranged Weapons
  2471 | D:4      | Noticed an ogre
  2519 | D:4      | Killed an ogre
  2520 | D:4      | Reached skill level 7 in Ranged Weapons
  2520 | D:4      | Reached XP level 5. HP: 25/25 MP: 6/6
  2758 | D:4      | Found a white marble altar of Elyvilon.
  2905 | D:5      | Entered Level 5 of the Dungeon
  2912 | D:5      | Reached XP level 6. HP: 29/30 MP: 7/7
  2991 | D:5      | Noticed a vampire mosquito
  2991 | D:5      | Noticed a vampire mosquito
  2991 | D:5      | Noticed a vampire mosquito
  2993 | D:5      | Noticed a vampire mosquito
  3312 | D:5      | Slain by a black bear

Illustrated notes

Levels and vault maps discovered:
D:1:      saegor_arrival_miasma, layout_loops_ring
D:2:      layout_basic, serial_shops, nicolae_shop_tiny_waterfront,
          shapermc_ecumenical_altar_pompeii, guppyfry_early_lair_pool
D:3:      layout_loops_ring, nicolae_overflow_ecumenical_swirl
D:4:      layout_cave_pools, kennysheep_mini
D:5:      layout_gridville, nicolae_gozag_cash_rules_everything_around_me,
          gammafunk_temple_overflow_pools

Skill      XL: |  1  2  3  4 |
---------------+-------------+-----
Ranged Weapons | 5 7 |  7.5
Fighting       | |  1.5
Dodging        | |  2.6
Stealth        | |  1.5

Action                     |  1- 3 |  4- 6 || total
---------------------------+-------+-------++-------
   Fire: Shortbow          |   114 |   107 ||   221
    Use: Scroll            |       |     3 ||     3
 Armour: Robe              |    10 |    24 ||    34
  Dodge: Dodged            |    16 |    35 ||    51
